Knights vs River Frogs
(R2)
Created - February 6, 2021 at 20:02
Goals
|
| Knights |
1 |
1 |
1 |
3 |
| River Frogs |
2 |
1 |
1 |
4 |
|
Shots
|
| Knights |
6 |
14 |
20 |
40 |
| River Frogs |
8 |
17 |
10 |
35 |
|
1st period
1. River Frogs , Andrew Gordon 15 (David Kolomatis 7, Matt Calvert 17) at 6:11
2. Knights , Nikolaj Ehlers 20 (Noel Acciari 11, Matthew Benning 2) at 15:29
3. River Frogs , Jared Knight 8 (Andrew Gordon 29) at 19:08
Penalties :
Dillon Heatherington (Lou) for Holding (Minor) at 3:25, Ludwig Bystrom (Lon) for Hooking (Minor) at 6:44, Noel Acciari (Lon) for Hooking (Minor) at 19:44
2nd period
4. River Frogs , Emerson Etem 44 (Dominik Simon 19, Mitch Marner 18) at 2:42
5. Knights , Nathan Walker 13 (Dominik Kahun 13, Alexandre Carrier 9) at 10:37
Penalties :
No Penalty
3rd period
6. Knights , Nikolaj Ehlers 21 (Vince Hinostroza 24, Noel Acciari 12) at 1:42
7. River Frogs , Justin Florek 20 (Ryan Fitzgerald 10) at 14:00
Penalties :
Emerson Etem (Lou) for Hooking (Minor) at 5:13, Justin Florek (Lou) for Holding Stick (Minor) at 11:00, Ryan Fitzgerald (Lou) for Goalie Interference (Minor) at 16:19
Goalie Stats
Elvis Merzlikins (Lon), 31 saves from 35 shots - (0.886), L, 15-11-2, 59:13 minutes
Thomas Greiss (Lou), 37 saves from 40 shots - (0.925), W, 16-13-1, 60:00 minutes
Players Stats for Knights
Player Name G A P +/- PIM S H SB GA TA FO MP PP MP PK MP
------------------------------------------------------------------------------------
Alexandre Carrier 0 1 1 -1 0 1 1 0 0 0 0/0 19:25 4:58 0:35
Brendan Gaunce 0 0 0 -1 0 2 1 0 0 0 6/8 16:44 3:33 0:00
Brendan Perlini 0 0 0 0 0 0 3 0 0 0 0/2 7:08 0:14 0:00
Cedric Paquette 0 0 0 0 0 0 0 1 0 0 1/3 7:58 0:00 0:37
Dominik Kahun 0 1 1 0 0 2 0 0 0 0 5/8 10:39 0:00 0:00
Frank Vatrano 0 0 0 0 0 8 1 2 1 0 0/3 11:33 0:07 0:44
Iiro Pakarinen 0 0 0 -1 0 2 7 1 0 0 0/0 17:35 3:33 0:00
John Marino 0 0 0 -1 0 0 1 0 0 0 0/0 11:20 0:00 0:15
Jordan Martinook 0 0 0 -1 0 4 3 0 0 1 0/0 15:31 0:03 1:02
Ludwig Bystrom 0 0 0 0 2 1 2 3 0 1 0/0 25:46 2:58 0:42
Matthew Benning 0 1 1 -1 0 1 0 1 0 1 0/0 18:14 2:58 1:40
Mirco Mueller 0 0 0 1 0 0 0 1 1 0 0/0 22:59 0:00 2:21
Nathan Walker 1 0 1 0 0 6 0 2 0 0 0/0 14:10 3:33 0:00
Nikolaj Ehlers 2 0 2 0 0 4 0 1 0 0 2/3 20:42 4:12 0:00
Nikolay Goldobin 0 0 0 0 0 1 0 0 0 0 1/7 8:22 0:00 1:53
Noel Acciari 0 2 2 0 2 2 0 1 0 0 19/38 21:48 4:20 0:56
Vince Hinostroza 0 1 1 0 0 6 2 0 0 1 2/4 23:50 4:13 2:44
Vladislav Gavrikov 0 0 0 0 0 0 1 0 0 0 0/0 22:16 4:58 2:23
Players Stats for River Frogs
Player Name G A P +/- PIM S H SB GA TA FO MP PP MP PK MP
------------------------------------------------------------------------------------
Aaron Ness 0 0 0 2 0 0 0 1 0 0 0/0 16:00 0:00 4:44
Andrew Gordon 1 1 2 1 0 5 2 1 1 0 1/3 19:18 2:28 4:02
Austin Watson 0 0 0 -1 0 2 1 0 0 0 0/0 11:28 0:00 2:10
Bobby Farnham 0 0 0 -1 0 0 2 0 0 0 0/0 8:22 0:00 0:00
David Kolomatis 0 1 1 2 0 1 0 0 0 1 0/0 12:49 0:00 0:19
Dillon Heatherington 0 0 0 0 2 0 4 2 0 0 0/0 23:40 2:35 0:00
Dominik Simon 0 1 1 0 0 3 5 1 0 0 25/46 21:48 2:28 2:18
Emerson Etem 1 0 1 0 2 5 2 1 0 0 1/2 21:32 2:28 2:57
Jared Knight 1 0 1 1 0 1 2 0 0 0 2/7 14:02 1:30 0:38
Justin Florek 1 0 1 1 2 2 1 0 0 0 0/0 12:19 0:00 1:32
Matt Calvert 0 1 1 1 0 2 4 1 0 0 0/1 15:25 1:30 2:01
Maxim Mamin 0 0 0 -1 0 1 0 0 0 0 4/6 8:22 0:00 0:00
Mitch Marner 0 1 1 0 0 4 1 0 1 0 1/2 15:13 0:00 0:00
Morgan Rielly 0 0 0 -1 0 1 1 1 0 0 0/0 19:21 1:23 3:08
Nikita Zadorov 0 0 0 0 0 1 2 3 0 0 0/0 28:03 2:35 4:33
Ondrej Kase 0 0 0 1 0 5 2 0 1 0 0/0 12:16 1:30 0:00
Ryan Fitzgerald 0 1 1 1 2 1 0 1 0 0 6/9 11:54 0:00 0:14
Shea Theodore 0 0 0 -1 0 1 0 1 1 1 0/0 20:08 1:23 3:08
3 Stars
1 - Andrew Gordon (Lou)
2 - Nikolaj Ehlers (Lon)
3 - Jared Knight (Lou)
Power Play
Knights - 0 on 4 Attempt(s) - 0.00%
River Frogs - 0 on 2 Attempt(s) - 0.00%
Penalty Kill
Knights - 2 on 2 Attempt(s) - 100.00%
- Score 0 goal in Penalty Kill
River Frogs - 4 on 4 Attempt(s) - 100.00%
- Score 0 goal in Penalty Kill
Team Stat
Knights - Hits : 22 - Faceoff Wins : 36 - Blocked Shots : 13 - Penalty Minutes : 4
River Frogs - Hits : 29 - Faceoff Wins : 40 - Blocked Shots : 13 - Penalty Minutes : 8
Official
Referees : Unknown
Linesman : Unknown
Game Notes
No Game Note
Finance
Level 1 -- Attendance: 1438 (71.90%) -- Ticket Income $57,520
Level 2 -- Attendance: 664 (66.40%) -- Ticket Income $13,280
Total Attendance: 2102 (70.07%)
Total Ticket Income: $70,800
Other Income: $3,540
Total Income: $74,340
Knights
5 vs 5 Forward
Center Left Wing Right Wing Time % Phy DF OF
1 Noel Acciari Nikolaj Ehlers Vince Hinostroza 40 1 2 2
2 Brendan Gaunce Jordan Martinook Iiro Pakarinen 30 1 2 2
3 Dominik Kahun Nathan Walker Frank Vatrano 20 1 2 2
4 Cedric Paquette Brendan Perlini Nikolay Goldobin 10 1 2 2
5 vs 5 Defense
Defense Defense Time % Phy DF OF
1 Mirco Mueller Ludwig Bystrom 43 1 3 1
2 Vladislav Gavrikov Alexandre Carrier 34 1 3 1
3 Matthew Benning John Marino 23 1 2 2
4 Vladislav Gavrikov Mirco Mueller 0 1 2 2
PowerPlay Forward
Center Left Wing Right Wing Time % Phy DF OF
1 Noel Acciari Nikolaj Ehlers Vince Hinostroza 60 0 1 4
2 Brendan Gaunce Nathan Walker Iiro Pakarinen 40 0 1 4
PowerPlay Defense
Defense Defense Time % Phy DF OF
1 Vladislav Gavrikov Alexandre Carrier 60 0 1 4
2 Ludwig Bystrom Matthew Benning 40 0 1 4
Penalty Kill 4 Players Forward
Center Wing Time % Phy DF OF
1 Noel Acciari Vince Hinostroza 60 1 3 1
2 Jordan Martinook Frank Vatrano 40 1 3 1
Penalty Kill 4 Players Defense
Defense Defense Time % Phy DF OF
1 Mirco Mueller Vladislav Gavrikov 60 1 4 0
2 Matthew Benning Ludwig Bystrom 40 1 4 0
Penalty Kill - 3 Players Forward
Forward Time % Phy DF OF
1 Jordan Martinook 60 0 4 1
2 Noel Acciari 40 0 4 1
Penalty Kill - 3 Players Defense
Defense Defense Time % Phy DF OF
1 Mirco Mueller Vladislav Gavrikov 60 1 3 1
2 Matthew Benning Ludwig Bystrom 40 1 3 1
4 vs 4 Forward
Center Wing Time % Phy DF OF
1 Noel Acciari Iiro Pakarinen 60 1 2 2
2 Brendan Gaunce Vince Hinostroza 40 1 2 2
4 vs 4 Defense
Defense Defense Time % Phy DF OF
1 Mirco Mueller Ludwig Bystrom 60 1 2 2
2 Matthew Benning Vladislav Gavrikov 40 1 2 2
Last Minutes Offensive
Center Left Wing Right Wing Defense Defense
Noel Acciari Nikolaj Ehlers Vince Hinostroza Vladislav Gavrikov Alexandre Carrier
Last Minutes Defensive
Center Left Wing Right Wing Defense Defense
Brendan Gaunce Jordan Martinook Frank Vatrano Mirco Mueller Vladislav Gavrikov
Goaltenders
Starting : Elvis Merzlikins
Backup : Magnus Hellberg
Extra Forwards
Normal : Vince Hinostroza, Iiro Pakarinen, Noel Acciari - PP : Nathan Walker, Brendan Perlini - PK : Nikolay Goldobin
Extra Defensemen
Normal : Alexandre Carrier, Vladislav Gavrikov, Ludwig Bystrom - PP : Alexandre Carrier - PK : Ludwig Bystrom, Mirco Mueller
Penalty Shots
Noel Acciari, Nathan Walker, Iiro Pakarinen, Nikolay Goldobin, Cedric Paquette
Scratches
Nicklas Jensen (Healthy), Jeremy Bracco (Healthy), Mitchell Stephens (Healthy), Sami Niku (Healthy), Alan Quine (Healthy)
David Kase (Healthy), Nicolas Petan (Healthy), Mackenzie MacEachern (Healthy), Jesse Graham (Healthy), Jayce Hawryluk (Healthy)
Oskar Lindblom (Healthy), Ryan Collins (Healthy), William Lagesson (Healthy), Joey Daccord (Healthy), Philippe Desrosiers (Healthy)
River Frogs
5 vs 5 Forward
Center Left Wing Right Wing Time % Phy DF OF
1 Dominik Simon Emerson Etem Mitch Marner 40 1 2 2
2 Jared Knight Matt Calvert Andrew Gordon 30 1 2 2
3 Ryan Fitzgerald Justin Florek Ondrej Kase 20 1 2 2
4 Maxim Mamin Austin Watson Bobby Farnham 10 1 2 2
5 vs 5 Defense
Defense Defense Time % Phy DF OF
1 Nikita Zadorov Dillon Heatherington 40 1 2 2
2 Morgan Rielly Shea Theodore 30 1 2 2
3 Aaron Ness David Kolomatis 20 1 2 2
4 Dillon Heatherington Nikita Zadorov 10 1 2 2
PowerPlay Forward
Center Left Wing Right Wing Time % Phy DF OF
1 Dominik Simon Emerson Etem Andrew Gordon 60 1 2 2
2 Jared Knight Matt Calvert Ondrej Kase 40 1 2 2
PowerPlay Defense
Defense Defense Time % Phy DF OF
1 Nikita Zadorov Dillon Heatherington 60 1 2 2
2 Morgan Rielly Shea Theodore 40 1 2 2
Penalty Kill 4 Players Forward
Center Wing Time % Phy DF OF
1 Emerson Etem Andrew Gordon 60 1 2 2
2 Matt Calvert Justin Florek 40 1 2 2
Penalty Kill 4 Players Defense
Defense Defense Time % Phy DF OF
1 Nikita Zadorov Aaron Ness 60 1 2 2
2 Morgan Rielly Shea Theodore 40 1 2 2
Penalty Kill - 3 Players Forward
Forward Time % Phy DF OF
1 Emerson Etem 60 1 2 2
2 Andrew Gordon 40 1 2 2
Penalty Kill - 3 Players Defense
Defense Defense Time % Phy DF OF
1 Nikita Zadorov Dillon Heatherington 60 1 2 2
2 Morgan Rielly Shea Theodore 40 1 2 2
4 vs 4 Forward
Center Wing Time % Phy DF OF
1 Emerson Etem Andrew Gordon 60 1 2 2
2 Matt Calvert Justin Florek 40 1 2 2
4 vs 4 Defense
Defense Defense Time % Phy DF OF
1 Nikita Zadorov David Kolomatis 60 1 2 2
2 Morgan Rielly Shea Theodore 40 1 2 2
Last Minutes Offensive
Center Left Wing Right Wing Defense Defense
Dominik Simon Emerson Etem Andrew Gordon Nikita Zadorov Shea Theodore
Last Minutes Defensive
Center Left Wing Right Wing Defense Defense
Dominik Simon Emerson Etem Andrew Gordon Nikita Zadorov Shea Theodore
Goaltenders
Starting : Thomas Greiss
Backup : Eric Comrie
Extra Forwards
Normal : Andrew Gordon, Emerson Etem, Matt Calvert - PP : Andrew Gordon, Emerson Etem - PK : Emerson Etem
Extra Defensemen
Normal : Aaron Ness, David Kolomatis, Dillon Heatherington - PP : Aaron Ness - PK : David Kolomatis, Dillon Heatherington
Penalty Shots
Emerson Etem, Andrew Gordon, Matt Calvert, Justin Florek, Ondrej Kase
Scratches
Christian Hanson (Healthy), Joakim Nordstrom (Healthy), Matt Grzelcyk (Healthy), Cameron Hughes (Healthy), Francis Perron (Healthy)
Beau Starrett (Healthy), Richard Nejezchleb (Healthy), Phoenix Copley (Healthy)
% Time on Ice - Knights
Lines # - Real PCT - Wanted PCT - Time Play
Normal Forward
1 - 34% - 40% - 16:09
2 - 30% - 30% - 14:02
3 - 23% - 20% - 10:39
4 - 14% - 10% - 6:29
Normal Defense
1 - 41% - 43% - 19:29
2 - 33% - 34% - 15:37
3 - 23% - 23% - 11:04
4 - 2% - 0% - 1:09
PP Forward
1 - 55% - 60% - 4:23
2 - 45% - 40% - 3:33
PP Defense
1 - 63% - 60% - 4:58
2 - 37% - 40% - 2:58
PK Forward
1 - 82% - 60% - 3:14
2 - 18% - 40% - 0:44
PK Defense
1 - 43% - 60% - 1:43
2 - 57% - 40% - 2:15
PK3 Forward
1 - 0% - 60%
2 - 0% - 40%
PK3 Defense
1 - 0% - 60%
2 - 0% - 40%
44 Forward
1 - 0% - 60%
2 - 0% - 40%
44 Defense
1 - 0% - 60%
2 - 0% - 40%
Last Minute Offensive - 0:47
Last Minute Defensive - 0:00
Total
Forward - 60:00
Defense - 60:00
|
% Time on Ice - River Frogs
Lines # - Real PCT - Wanted PCT - Time Play
Normal Forward
1 - 34% - 40% - 16:17
2 - 25% - 30% - 11:54
3 - 23% - 20% - 10:46
4 - 18% - 10% - 8:22
Normal Defense
1 - 41% - 40% - 19:31
2 - 31% - 30% - 14:50
3 - 24% - 20% - 11:15
4 - 4% - 10% - 1:43
PP Forward
1 - 62% - 60% - 2:28
2 - 38% - 40% - 1:30
PP Defense
1 - 65% - 60% - 2:35
2 - 35% - 40% - 1:23
PK Forward
1 - 75% - 60% - 5:55
2 - 25% - 40% - 2:01
PK Defense
1 - 61% - 60% - 4:48
2 - 39% - 40% - 3:08
PK3 Forward
1 - 0% - 60%
2 - 0% - 40%
PK3 Defense
1 - 0% - 60%
2 - 0% - 40%
44 Forward
1 - 0% - 60%
2 - 0% - 40%
44 Defense
1 - 0% - 60%
2 - 0% - 40%
Last Minute Offensive - 0:00
Last Minute Defensive - 0:47
Total
Forward - 60:00
Defense - 60:00
|
Play-by-Play
1st period
0:01 of 1st period - Nikolaj Ehlers wins face-off versus Dominik Simon in neutral zone.
0:15 of 1st period - Mirco Mueller is hit by Dominik Simon and loses puck.
0:26 of 1st period - Dillon Heatherington is hit by Jordan Martinook and loses puck.
0:38 of 1st period - Off-side.
0:39 of 1st period - Dominik Kahun wins face-off versus Ryan Fitzgerald in neutral zone.
1:08 of 1st period - Off-side.
1:09 of 1st period - Cedric Paquette wins face-off versus Dominik Simon in neutral zone.
1:14 of 1st period - Slapshot by Nikolay Goldobin.
1:14 of 1st period - Stopped by Thomas Greiss with a rebound.
1:34 of 1st period - Vince Hinostroza is hit by Matt Calvert and loses puck.
2:13 of 1st period - Backhand shot by Austin Watson.
2:13 of 1st period - Shot Misses the Net.
2:15 of 1st period - Slapshot by Dillon Heatherington.
2:15 of 1st period - Deflect By Austin Watson.
2:15 of 1st period - Shot Blocked by Mirco Mueller.
2:15 of 1st period - Puck is out of play.
2:16 of 1st period - Dominik Kahun wins face-off versus Maxim Mamin in Knights zone.
2:29 of 1st period - Wrist shot by Frank Vatrano.
2:29 of 1st period - Deflect By Dominik Kahun.
2:29 of 1st period - Stopped by Thomas Greiss without a rebound.
2:30 of 1st period - Dominik Simon wins face-off versus Vince Hinostroza in River Frogs zone.
2:40 of 1st period - Snap shot by Noel Acciari.
2:40 of 1st period - Shot Misses the Net.
2:42 of 1st period - Slapshot by Vince Hinostroza.
2:42 of 1st period - Stopped by Thomas Greiss without a rebound.
2:43 of 1st period - Noel Acciari wins face-off versus Jared Knight in River Frogs zone.
2:44 of 1st period - Wrist shot by Vince Hinostroza.
2:44 of 1st period - Stopped by Thomas Greiss without a rebound.
2:45 of 1st period - Jared Knight wins face-off versus Noel Acciari in River Frogs zone.
2:58 of 1st period - Slapshot by Nikolaj Ehlers.
2:58 of 1st period - Shot Blocked by Dillon Heatherington.
3:10 of 1st period - Jordan Martinook is hit by Emerson Etem and loses puck.
3:17 of 1st period - Snap shot by Brendan Gaunce.
3:17 of 1st period - Shot Blocked by Nikita Zadorov.
3:19 of 1st period - Snap shot by Alexandre Carrier.
3:19 of 1st period - Shot Blocked by Emerson Etem.
3:25 of 1st period - Minor Penalty to Dillon Heatherington for Holding.
3:26 of 1st period - Emerson Etem wins face-off versus Nikolaj Ehlers in River Frogs zone.
3:51 of 1st period - Iiro Pakarinen is hit by Nikita Zadorov and loses puck.
4:00 of 1st period - Snap shot by Matt Calvert.
4:00 of 1st period - Stopped by Elvis Merzlikins with a rebound.
5:01 of 1st period - Nikita Zadorov is hit by Iiro Pakarinen and loses puck.
5:25 of 1st period - Penalty to Dillon Heatherington is over, Dillon Heatherington is back on ice.
5:26 of 1st period - Snap shot by Dominik Simon.
5:26 of 1st period - Stopped by Elvis Merzlikins without a rebound.
5:27 of 1st period - Maxim Mamin wins face-off versus Brendan Perlini in Knights zone.
5:37 of 1st period - Icing by Ludwig Bystrom.
5:38 of 1st period - Dominik Simon wins face-off versus Brendan Perlini in Knights zone.
6:09 of 1st period - Snap shot by Andrew Gordon.
6:09 of 1st period - Shot Misses the Net.
6:11 of 1st period - Snap shot by David Kolomatis.
6:11 of 1st period - Deflect By Andrew Gordon.
6:11 of 1st period - Goal by Andrew Gordon - Knights : 0 - River Frogs : 1.
6:12 of 1st period - Noel Acciari wins face-off versus Dominik Simon in neutral zone.
6:19 of 1st period - Snap shot by Dominik Simon.
6:19 of 1st period - Shot Misses the Net.
6:21 of 1st period - Snap shot by Emerson Etem.
6:21 of 1st period - Stopped by Elvis Merzlikins without a rebound.
6:22 of 1st period - Noel Acciari wins face-off versus Dominik Simon in Knights zone.
6:29 of 1st period - Off-side.
6:30 of 1st period - Brendan Gaunce wins face-off versus Jared Knight in neutral zone.
6:44 of 1st period - Minor Penalty to Ludwig Bystrom for Hooking.
6:45 of 1st period - Noel Acciari wins face-off versus Andrew Gordon in Knights zone.
8:44 of 1st period - Penalty to Ludwig Bystrom is over, Ludwig Bystrom is back on ice.
9:29 of 1st period - Austin Watson is hit by Alexandre Carrier.
10:25 of 1st period - Snap shot by Brendan Perlini.
10:25 of 1st period - Shot Misses the Net.
10:37 of 1st period - Wrist shot by Andrew Gordon.
10:37 of 1st period - Shot Misses the Net.
11:17 of 1st period - Dillon Heatherington is hit by Brendan Perlini and loses puck.
11:51 of 1st period - Slapshot by Nikita Zadorov.
11:51 of 1st period - Shot Misses the Net.
13:32 of 1st period - Emerson Etem is hit by Iiro Pakarinen and loses puck.
14:37 of 1st period - Jared Knight is hit by Brendan Gaunce and loses puck.
15:01 of 1st period - Mirco Mueller is hit by Ondrej Kase and loses puck.
15:16 of 1st period - Wrist shot by Nikolaj Ehlers.
15:16 of 1st period - Stopped by Thomas Greiss without a rebound.
15:17 of 1st period - Noel Acciari wins face-off versus Maxim Mamin in River Frogs zone.
15:27 of 1st period - Snap shot by Nikolaj Ehlers.
15:27 of 1st period - Shot Misses the Net.
15:29 of 1st period - Wrist shot by Nikolaj Ehlers.
15:29 of 1st period - Goal by Nikolaj Ehlers - Knights : 1 - River Frogs : 1.
15:30 of 1st period - Dominik Simon wins face-off versus Noel Acciari in neutral zone.
16:16 of 1st period - Slapshot by Ondrej Kase.
16:16 of 1st period - Stopped by Elvis Merzlikins without a rebound.
16:17 of 1st period - Dominik Kahun wins face-off versus Ryan Fitzgerald in Knights zone.
16:17 of 1st period - Dominik Kahun is hit by Morgan Rielly.
16:20 of 1st period - Icing by Ludwig Bystrom.
16:21 of 1st period - Ryan Fitzgerald wins face-off versus Dominik Kahun in Knights zone.
16:22 of 1st period - Snap shot by Justin Florek.
16:22 of 1st period - Stopped by Elvis Merzlikins without a rebound.
16:23 of 1st period - Vince Hinostroza wins face-off versus Dominik Simon in Knights zone.
16:32 of 1st period - Mitch Marner is hit by Ludwig Bystrom and loses puck.
16:50 of 1st period - Jordan Martinook is hit by Andrew Gordon and loses puck.
17:35 of 1st period - Dillon Heatherington is hit by Iiro Pakarinen and loses puck.
18:11 of 1st period - Off-side.
18:12 of 1st period - Mitch Marner wins face-off versus Noel Acciari in neutral zone.
19:00 of 1st period - Icing by Vince Hinostroza.
19:01 of 1st period - Noel Acciari wins face-off versus Jared Knight in Knights zone.
19:06 of 1st period - Slapshot by Andrew Gordon.
19:06 of 1st period - Shot Misses the Net.
19:08 of 1st period - Snap shot by Jared Knight.
19:08 of 1st period - Goal by Jared Knight - Knights : 1 - River Frogs : 2.
19:09 of 1st period - Noel Acciari wins face-off versus Dominik Simon in neutral zone.
19:34 of 1st period - Alexandre Carrier is hit by Matt Calvert and loses puck.
19:41 of 1st period - Wrist shot by Andrew Gordon.
19:41 of 1st period - Stopped by Elvis Merzlikins without a rebound.
19:42 of 1st period - Noel Acciari wins face-off versus Dominik Simon in Knights zone.
19:44 of 1st period - Minor Penalty to Noel Acciari for Hooking.
19:45 of 1st period - Nikolay Goldobin wins face-off versus Dominik Simon in Knights zone.
19:53 of 1st period - Nikita Zadorov is hit by Vince Hinostroza and loses puck.
Goals for this period are 1 for Knights vs 2 for River Frogs.
Shots for this period are 6 for Knights vs 8 for River Frogs.
2nd period
0:01 of 2nd period - Dominik Simon wins face-off versus Nikolay Goldobin in neutral zone.
0:06 of 2nd period - Wrist shot by Vince Hinostroza.
0:06 of 2nd period - Deflect By Dominik Simon.
0:06 of 2nd period - Shot Misses the Net.
0:06 of 2nd period - Puck is out of play.
0:07 of 2nd period - Dominik Simon wins face-off versus Nikolay Goldobin in River Frogs zone.
0:14 of 2nd period - Slapshot by Nikita Zadorov.
0:14 of 2nd period - Stopped by Elvis Merzlikins without a rebound.
0:15 of 2nd period - Dominik Simon wins face-off versus Nikolay Goldobin in Knights zone.
0:16 of 2nd period - Wrist shot by Andrew Gordon.
0:16 of 2nd period - Stopped by Elvis Merzlikins with a rebound.
0:20 of 2nd period - Wrist shot by Andrew Gordon.
0:20 of 2nd period - Stopped by Elvis Merzlikins without a rebound.
0:21 of 2nd period - Dominik Simon wins face-off versus Nikolay Goldobin in Knights zone.
0:26 of 2nd period - Snap shot by Dominik Simon.
0:26 of 2nd period - Stopped by Elvis Merzlikins without a rebound.
0:27 of 2nd period - Dominik Simon wins face-off versus Nikolay Goldobin in Knights zone.
0:30 of 2nd period - Slapshot by Dominik Simon.
0:30 of 2nd period - Shot Misses the Net.
0:32 of 2nd period - Wrist shot by Andrew Gordon.
0:32 of 2nd period - Shot Misses the Net.
1:01 of 2nd period - Snap shot by Ondrej Kase.
1:01 of 2nd period - Stopped by Elvis Merzlikins without a rebound.
1:02 of 2nd period - Dominik Simon wins face-off versus Nikolay Goldobin in Knights zone.
1:13 of 2nd period - Wrist shot by Emerson Etem.
1:13 of 2nd period - Stopped by Elvis Merzlikins with a rebound.
1:15 of 2nd period - Snap shot by Emerson Etem.
1:15 of 2nd period - Shot Blocked by Ludwig Bystrom.
1:17 of 2nd period - Snap shot by Morgan Rielly.
1:17 of 2nd period - Stopped by Elvis Merzlikins with a rebound.
1:27 of 2nd period - Ondrej Kase is hit by Jordan Martinook and loses puck.
1:44 of 2nd period - Penalty to Noel Acciari is over, Noel Acciari is back on ice.
2:18 of 2nd period - Slapshot by Austin Watson.
2:18 of 2nd period - Shot Misses the Net.
2:20 of 2nd period - Wrist shot by Maxim Mamin.
2:20 of 2nd period - Stopped by Elvis Merzlikins with a rebound.
2:22 of 2nd period - Slapshot by Austin Watson.
2:22 of 2nd period - Shot Misses the Net.
2:24 of 2nd period - Slapshot by Maxim Mamin.
2:24 of 2nd period - Shot Misses the Net.
2:38 of 2nd period - Wrist shot by Mitch Marner.
2:38 of 2nd period - Stopped by Elvis Merzlikins without a rebound.
2:39 of 2nd period - Dominik Simon wins face-off versus Noel Acciari in Knights zone.
2:42 of 2nd period - Snap shot by Dominik Simon.
2:42 of 2nd period - Deflect By Emerson Etem.
2:42 of 2nd period - Goal by Emerson Etem - Knights : 1 - River Frogs : 3.
2:43 of 2nd period - Dominik Simon wins face-off versus Noel Acciari in neutral zone.
2:46 of 2nd period - Alexandre Carrier is hit by Dillon Heatherington and loses puck.
2:51 of 2nd period - Wrist shot by Emerson Etem.
2:51 of 2nd period - Shot Misses the Net.
3:18 of 2nd period - Wrist shot by Shea Theodore.
3:18 of 2nd period - Shot Blocked by Iiro Pakarinen.
3:34 of 2nd period - Vladislav Gavrikov is hit by Ondrej Kase and loses puck.
3:53 of 2nd period - Snap shot by Mitch Marner.
3:53 of 2nd period - Stopped by Elvis Merzlikins with a rebound.
3:55 of 2nd period - Snap shot by Emerson Etem.
3:55 of 2nd period - Shot Blocked by Ludwig Bystrom.
3:57 of 2nd period - Snap shot by Dominik Simon.
3:57 of 2nd period - Shot Blocked by Ludwig Bystrom.
4:24 of 2nd period - Icing by Aaron Ness.
4:25 of 2nd period - Jared Knight wins face-off versus Brendan Gaunce in River Frogs zone.
4:25 of 2nd period - Jared Knight is hit by Jordan Martinook.
4:39 of 2nd period - Wrist shot by Matt Calvert.
4:39 of 2nd period - Deflect By Jared Knight.
4:39 of 2nd period - Shot Blocked by Matthew Benning.
4:39 of 2nd period - Puck is out of play.
4:40 of 2nd period - Dominik Simon wins face-off versus Noel Acciari in Knights zone.
4:41 of 2nd period - Wrist shot by Emerson Etem.
4:41 of 2nd period - Shot Misses the Net.
4:53 of 2nd period - Snap shot by Noel Acciari.
4:53 of 2nd period - Shot Misses the Net.
4:55 of 2nd period - Wrist shot by Noel Acciari.
4:55 of 2nd period - Stopped by Thomas Greiss with a rebound.
5:30 of 2nd period - Snap shot by Austin Watson.
5:30 of 2nd period - Stopped by Elvis Merzlikins without a rebound.
5:31 of 2nd period - Maxim Mamin wins face-off versus Dominik Kahun in Knights zone.
5:48 of 2nd period - Nathan Walker is hit by Bobby Farnham and loses puck.
5:57 of 2nd period - Morgan Rielly is hit by John Marino and loses puck.
6:06 of 2nd period - Snap shot by Nathan Walker.
6:06 of 2nd period - Shot Misses the Net.
6:08 of 2nd period - Wrist shot by Nathan Walker.
6:08 of 2nd period - Shot Blocked by Nikita Zadorov.
6:10 of 2nd period - Wrist shot by Frank Vatrano.
6:10 of 2nd period - Shot Misses the Net.
6:12 of 2nd period - Wrist shot by Nathan Walker.
6:12 of 2nd period - Stopped by Thomas Greiss with a rebound.
6:14 of 2nd period - Slapshot by Matthew Benning.
6:14 of 2nd period - Shot Misses the Net.
6:16 of 2nd period - Slapshot by Matthew Benning.
6:16 of 2nd period - Shot Misses the Net.
6:18 of 2nd period - Wrist shot by Matthew Benning.
6:18 of 2nd period - Stopped by Thomas Greiss with a rebound.
6:20 of 2nd period - Slapshot by Frank Vatrano.
6:20 of 2nd period - Stopped by Thomas Greiss with a rebound.
6:22 of 2nd period - Wrist shot by Dominik Kahun.
6:22 of 2nd period - Stopped by Thomas Greiss without a rebound.
6:23 of 2nd period - Noel Acciari wins face-off versus Dominik Simon in River Frogs zone.
6:42 of 2nd period - Noel Acciari is hit by Emerson Etem and loses puck.
6:53 of 2nd period - Wrist shot by Justin Florek.
6:53 of 2nd period - Shot Misses the Net.
6:55 of 2nd period - Slapshot by Shea Theodore.
6:55 of 2nd period - Shot Blocked by Noel Acciari.
6:57 of 2nd period - Snap shot by Shea Theodore.
6:57 of 2nd period - Shot Blocked by Nikolaj Ehlers.
8:42 of 2nd period - Backhand shot by Shea Theodore.
8:42 of 2nd period - Stopped by Elvis Merzlikins without a rebound.
8:43 of 2nd period - Ryan Fitzgerald wins face-off versus Dominik Kahun in Knights zone.
8:58 of 2nd period - Wrist shot by Nathan Walker.
8:58 of 2nd period - Deflect By Frank Vatrano.
8:58 of 2nd period - Stopped by Thomas Greiss with a rebound.
9:10 of 2nd period - Emerson Etem is hit by Vince Hinostroza.
9:14 of 2nd period - Wrist shot by Emerson Etem.
9:14 of 2nd period - Deflect By Noel Acciari.
9:14 of 2nd period - Shot Misses the Net.
9:14 of 2nd period - Puck is out of play.
9:15 of 2nd period - Dominik Simon wins face-off versus Noel Acciari in Knights zone.
9:47 of 2nd period - Wrist shot by Jared Knight.
9:47 of 2nd period - Shot Misses the Net.
10:01 of 2nd period - Wrist shot by Nikolaj Ehlers.
10:01 of 2nd period - Stopped by Thomas Greiss without a rebound.
10:02 of 2nd period - Brendan Gaunce wins face-off versus Ryan Fitzgerald in River Frogs zone.
10:30 of 2nd period - Mitch Marner is hit by Vladislav Gavrikov and loses puck.
10:35 of 2nd period - Snap shot by Dominik Kahun.
10:35 of 2nd period - Shot Misses the Net.
10:37 of 2nd period - Slapshot by Nathan Walker.
10:37 of 2nd period - Goal by Nathan Walker - Knights : 2 - River Frogs : 3.
10:38 of 2nd period - Noel Acciari wins face-off versus Dominik Simon in neutral zone.
11:24 of 2nd period - Off-side.
11:25 of 2nd period - Brendan Gaunce wins face-off versus Matt Calvert in neutral zone.
11:28 of 2nd period - Wrist shot by Jordan Martinook.
11:28 of 2nd period - Shot Blocked by Andrew Gordon.
11:46 of 2nd period - Matt Calvert is hit by Iiro Pakarinen and loses puck.
11:55 of 2nd period - Snap shot by Matt Calvert.
11:55 of 2nd period - Shot Misses the Net.
11:57 of 2nd period - Slapshot by Matt Calvert.
11:57 of 2nd period - Shot Misses the Net.
11:59 of 2nd period - Wrist shot by Andrew Gordon.
11:59 of 2nd period - Stopped by Elvis Merzlikins with a rebound.
12:07 of 2nd period - Slapshot by Matt Calvert.
12:07 of 2nd period - Deflect By Jared Knight.
12:07 of 2nd period - Shot Misses the Net.
12:07 of 2nd period - Puck is out of play.
12:08 of 2nd period - Dominik Simon wins face-off versus Noel Acciari in Knights zone.
12:17 of 2nd period - Vince Hinostroza is hit by Dominik Simon and loses puck.
12:41 of 2nd period - Slapshot by Shea Theodore.
12:41 of 2nd period - Shot Blocked by Nathan Walker.
12:43 of 2nd period - Snap shot by Ondrej Kase.
12:43 of 2nd period - Stopped by Elvis Merzlikins without a rebound.
12:44 of 2nd period - Dominik Simon wins face-off versus Noel Acciari in Knights zone.
12:51 of 2nd period - Snap shot by Mitch Marner.
12:51 of 2nd period - Shot Misses the Net.
13:09 of 2nd period - Iiro Pakarinen is hit by Matt Calvert and loses puck.
13:50 of 2nd period - Ludwig Bystrom is hit by Austin Watson and loses puck.
13:57 of 2nd period - Slapshot by Morgan Rielly.
13:57 of 2nd period - Shot Misses the Net.
14:39 of 2nd period - Wrist shot by Vince Hinostroza.
14:39 of 2nd period - Shot Blocked by Nikita Zadorov.
14:55 of 2nd period - Matthew Benning is hit by Justin Florek and loses puck.
15:26 of 2nd period - Snap shot by Mitch Marner.
15:26 of 2nd period - Shot Misses the Net.
15:28 of 2nd period - Snap shot by Mitch Marner.
15:28 of 2nd period - Deflect By Dominik Simon.
15:28 of 2nd period - Shot Misses the Net.
15:28 of 2nd period - Puck is out of play.
15:29 of 2nd period - Vince Hinostroza wins face-off versus Jared Knight in Knights zone.
15:56 of 2nd period - Mirco Mueller is hit by Mitch Marner and loses puck.
16:25 of 2nd period - Snap shot by Ondrej Kase.
16:25 of 2nd period - Stopped by Elvis Merzlikins with a rebound.
16:34 of 2nd period - Icing by Vladislav Gavrikov.
16:35 of 2nd period - Maxim Mamin wins face-off versus Cedric Paquette in Knights zone.
16:44 of 2nd period - Snap shot by Maxim Mamin.
16:44 of 2nd period - Deflect By Bobby Farnham.
16:44 of 2nd period - Shot Misses the Net.
16:44 of 2nd period - Puck is out of play.
16:45 of 2nd period - Dominik Simon wins face-off versus Noel Acciari in Knights zone.
17:10 of 2nd period - Ludwig Bystrom is hit by Jared Knight and loses puck.
17:31 of 2nd period - Nikita Zadorov is hit by Frank Vatrano and loses puck.
17:36 of 2nd period - Snap shot by Nathan Walker.
17:36 of 2nd period - Stopped by Thomas Greiss with a rebound.
17:38 of 2nd period - Slapshot by Frank Vatrano.
17:38 of 2nd period - Stopped by Thomas Greiss without a rebound.
17:39 of 2nd period - Noel Acciari wins face-off versus Mitch Marner in River Frogs zone.
17:54 of 2nd period - Vince Hinostroza is hit by Dominik Simon and loses puck.
18:13 of 2nd period - Snap shot by Iiro Pakarinen.
18:13 of 2nd period - Shot Blocked by Matt Calvert.
18:15 of 2nd period - Snap shot by Brendan Gaunce.
18:15 of 2nd period - Stopped by Thomas Greiss with a rebound.
18:27 of 2nd period - Wrist shot by Nathan Walker.
18:27 of 2nd period - Shot Misses the Net.
18:29 of 2nd period - Slapshot by Ludwig Bystrom.
18:29 of 2nd period - Deflect By Shea Theodore.
18:29 of 2nd period - Stopped by Thomas Greiss with a rebound.
18:31 of 2nd period - Snap shot by Frank Vatrano.
18:31 of 2nd period - Stopped by Thomas Greiss without a rebound.
18:32 of 2nd period - Dominik Simon wins face-off versus Vince Hinostroza in River Frogs zone.
18:45 of 2nd period - Wrist shot by Dominik Simon.
18:45 of 2nd period - Stopped by Elvis Merzlikins without a rebound.
18:46 of 2nd period - Noel Acciari wins face-off versus Dominik Simon in Knights zone.
19:32 of 2nd period - Snap shot by Nathan Walker.
19:32 of 2nd period - Stopped by Thomas Greiss without a rebound.
19:33 of 2nd period - Ryan Fitzgerald wins face-off versus Frank Vatrano in River Frogs zone.
19:58 of 2nd period - Matthew Benning is hit by Dominik Simon and loses puck.
Goals for this period are 1 for Knights vs 1 for River Frogs.
Shots for this period are 14 for Knights vs 17 for River Frogs.
3rd period
0:01 of 3rd period - Dominik Simon wins face-off versus Noel Acciari in neutral zone.
0:08 of 3rd period - Snap shot by Ludwig Bystrom.
0:08 of 3rd period - Shot Misses the Net.
0:31 of 3rd period - Alexandre Carrier is hit by Matt Calvert.
0:44 of 3rd period - Off-side.
0:45 of 3rd period - Ryan Fitzgerald wins face-off versus Frank Vatrano in neutral zone.
0:54 of 3rd period - Slapshot by Nathan Walker.
0:54 of 3rd period - Deflect By Frank Vatrano.
0:54 of 3rd period - Stopped by Thomas Greiss without a rebound.
0:55 of 3rd period - Dominik Simon wins face-off versus Noel Acciari in River Frogs zone.
1:42 of 3rd period - Snap shot by Nikolaj Ehlers.
1:42 of 3rd period - Goal by Nikolaj Ehlers - Knights : 3 - River Frogs : 3.
1:43 of 3rd period - Brendan Gaunce wins face-off versus Dominik Simon in neutral zone.
1:48 of 3rd period - Snap shot by Jordan Martinook.
1:48 of 3rd period - Stopped by Thomas Greiss with a rebound.
1:50 of 3rd period - Wrist shot by Jordan Martinook.
1:50 of 3rd period - Stopped by Thomas Greiss with a rebound.
1:52 of 3rd period - Wrist shot by Jordan Martinook.
1:52 of 3rd period - Stopped by Thomas Greiss with a rebound.
2:11 of 3rd period - Nikolay Goldobin is hit by Dillon Heatherington.
2:57 of 3rd period - Off-side.
2:58 of 3rd period - Ryan Fitzgerald wins face-off versus Frank Vatrano in neutral zone.
3:03 of 3rd period - Backhand shot by Aaron Ness.
3:03 of 3rd period - Shot Blocked by Frank Vatrano.
3:05 of 3rd period - Slapshot by Ryan Fitzgerald.
3:05 of 3rd period - Stopped by Elvis Merzlikins with a rebound.
3:07 of 3rd period - Wrist shot by David Kolomatis.
3:07 of 3rd period - Stopped by Elvis Merzlikins without a rebound.
3:08 of 3rd period - Noel Acciari wins face-off versus Dominik Simon in Knights zone.
3:41 of 3rd period - Wrist shot by Iiro Pakarinen.
3:41 of 3rd period - Stopped by Thomas Greiss with a rebound.
3:47 of 3rd period - Jordan Martinook is hit by Andrew Gordon and loses puck.
4:00 of 3rd period - Snap shot by Nathan Walker.
4:00 of 3rd period - Stopped by Thomas Greiss with a rebound.
4:02 of 3rd period - Snap shot by Ludwig Bystrom.
4:02 of 3rd period - Shot Blocked by Dillon Heatherington.
4:04 of 3rd period - Snap shot by Nathan Walker.
4:04 of 3rd period - Shot Misses the Net.
4:18 of 3rd period - John Marino is hit by Bobby Farnham and loses puck.
4:41 of 3rd period - Wrist shot by Vince Hinostroza.
4:41 of 3rd period - Stopped by Thomas Greiss without a rebound.
4:42 of 3rd period - Nikolaj Ehlers wins face-off versus Dominik Simon in River Frogs zone.
4:45 of 3rd period - Snap shot by Noel Acciari.
4:45 of 3rd period - Stopped by Thomas Greiss without a rebound.
4:46 of 3rd period - Noel Acciari wins face-off versus Dominik Simon in River Frogs zone.
5:01 of 3rd period - Snap shot by Mitch Marner.
5:01 of 3rd period - Stopped by Elvis Merzlikins without a rebound.
5:02 of 3rd period - Brendan Gaunce wins face-off versus Jared Knight in Knights zone.
5:02 of 3rd period - Brendan Gaunce is hit by Nikita Zadorov.
5:10 of 3rd period - Snap shot by Jordan Martinook.
5:10 of 3rd period - Stopped by Thomas Greiss without a rebound.
5:11 of 3rd period - Dominik Simon wins face-off versus Noel Acciari in River Frogs zone.
5:13 of 3rd period - Minor Penalty to Emerson Etem for Hooking.
5:14 of 3rd period - Noel Acciari wins face-off versus Dominik Simon in River Frogs zone.
5:14 of 3rd period - Wrist shot by Vince Hinostroza.
5:14 of 3rd period - Stopped by Thomas Greiss without a rebound.
5:15 of 3rd period - Noel Acciari wins face-off versus Dominik Simon in River Frogs zone.
5:47 of 3rd period - Slapshot by Vladislav Gavrikov.
5:47 of 3rd period - Shot Blocked by Aaron Ness.
5:49 of 3rd period - Snap shot by Brendan Gaunce.
5:49 of 3rd period - Stopped by Thomas Greiss without a rebound.
5:50 of 3rd period - Brendan Gaunce wins face-off versus Dominik Simon in River Frogs zone.
6:01 of 3rd period - Andrew Gordon is hit by Ludwig Bystrom and loses puck.
7:13 of 3rd period - Penalty to Emerson Etem is over, Emerson Etem is back on ice.
7:19 of 3rd period - Iiro Pakarinen is hit by Dominik Simon and loses puck.
8:01 of 3rd period - Wrist shot by Mitch Marner.
8:01 of 3rd period - Stopped by Elvis Merzlikins with a rebound.
8:31 of 3rd period - Icing by Aaron Ness.
8:32 of 3rd period - Maxim Mamin wins face-off versus Brendan Gaunce in River Frogs zone.
8:32 of 3rd period - Maxim Mamin is hit by Iiro Pakarinen.
8:40 of 3rd period - Aaron Ness is hit by Iiro Pakarinen and loses puck.
9:29 of 3rd period - Mitch Marner is hit by Brendan Perlini and loses puck.
9:44 of 3rd period - Wrist shot by Justin Florek.
9:44 of 3rd period - Shot Blocked by Nathan Walker.
9:46 of 3rd period - Slapshot by Justin Florek.
9:46 of 3rd period - Shot Blocked by Frank Vatrano.
9:48 of 3rd period - Backhand shot by Justin Florek.
9:48 of 3rd period - Shot Misses the Net.
10:21 of 3rd period - Wrist shot by Austin Watson.
10:21 of 3rd period - Stopped by Elvis Merzlikins with a rebound.
11:00 of 3rd period - Minor Penalty to Justin Florek for Holding Stick.
11:01 of 3rd period - Noel Acciari wins face-off versus Emerson Etem in River Frogs zone.
11:26 of 3rd period - Nikita Zadorov is hit by Iiro Pakarinen and loses puck.
12:05 of 3rd period - Slapshot by Matt Calvert.
12:05 of 3rd period - Stopped by Elvis Merzlikins with a rebound.
13:00 of 3rd period - Penalty to Justin Florek is over, Justin Florek is back on ice.
13:15 of 3rd period - Slapshot by Ondrej Kase.
13:15 of 3rd period - Shot Blocked by Cedric Paquette.
13:17 of 3rd period - Snap shot by Ondrej Kase.
13:17 of 3rd period - Stopped by Elvis Merzlikins with a rebound.
13:48 of 3rd period - Austin Watson is hit by Brendan Perlini and loses puck.
13:58 of 3rd period - Icing by Vladislav Gavrikov.
13:59 of 3rd period - Ryan Fitzgerald wins face-off versus Noel Acciari in Knights zone.
14:00 of 3rd period - Snap shot by Justin Florek.
14:00 of 3rd period - Goal by Justin Florek - Knights : 3 - River Frogs : 4.
14:01 of 3rd period - Dominik Simon wins face-off versus Noel Acciari in neutral zone.
14:11 of 3rd period - Snap shot by Emerson Etem.
14:11 of 3rd period - Deflect By Dominik Simon.
14:11 of 3rd period - Shot Misses the Net.
14:11 of 3rd period - Puck is out of play.
14:12 of 3rd period - Dominik Simon wins face-off versus Noel Acciari in Knights zone.
14:13 of 3rd period - Wrist shot by Emerson Etem.
14:13 of 3rd period - Stopped by Elvis Merzlikins with a rebound.
14:19 of 3rd period - Slapshot by Noel Acciari.
14:19 of 3rd period - Shot Misses the Net.
14:21 of 3rd period - Slapshot by Ludwig Bystrom.
14:21 of 3rd period - Shot Blocked by Dominik Simon.
14:23 of 3rd period - Snap shot by Vince Hinostroza.
14:23 of 3rd period - Shot Misses the Net.
14:37 of 3rd period - Iiro Pakarinen is hit by Jared Knight.
14:59 of 3rd period - Snap shot by Frank Vatrano.
14:59 of 3rd period - Shot Blocked by Ryan Fitzgerald.
15:01 of 3rd period - Wrist shot by Nathan Walker.
15:01 of 3rd period - Stopped by Thomas Greiss with a rebound.
15:03 of 3rd period - Snap shot by Frank Vatrano.
15:03 of 3rd period - Shot Blocked by Morgan Rielly.
15:05 of 3rd period - Slapshot by Ludwig Bystrom.
15:05 of 3rd period - Shot Misses the Net.
15:07 of 3rd period - Wrist shot by Frank Vatrano.
15:07 of 3rd period - Shot Blocked by Shea Theodore.
15:09 of 3rd period - Snap shot by Frank Vatrano.
15:09 of 3rd period - Stopped by Thomas Greiss without a rebound.
15:10 of 3rd period - Dominik Simon wins face-off versus Noel Acciari in River Frogs zone.
15:23 of 3rd period - Snap shot by Emerson Etem.
15:23 of 3rd period - Stopped by Elvis Merzlikins with a rebound.
15:33 of 3rd period - Icing by Dominik Simon.
15:34 of 3rd period - Dominik Kahun wins face-off versus Dominik Simon in River Frogs zone.
15:37 of 3rd period - Snap shot by Frank Vatrano.
15:37 of 3rd period - Stopped by Thomas Greiss without a rebound.
15:38 of 3rd period - Dominik Kahun wins face-off versus Dominik Simon in River Frogs zone.
15:43 of 3rd period - Wrist shot by Frank Vatrano.
15:43 of 3rd period - Stopped by Thomas Greiss with a rebound.
16:19 of 3rd period - Minor Penalty to Ryan Fitzgerald for Goalie Interference.
16:20 of 3rd period - Andrew Gordon wins face-off versus Noel Acciari in River Frogs zone.
16:56 of 3rd period - Snap shot by Brendan Gaunce.
16:56 of 3rd period - Shot Misses the Net.
18:19 of 3rd period - Penalty to Ryan Fitzgerald is over, Ryan Fitzgerald is back on ice.
18:30 of 3rd period - Icing by David Kolomatis.
18:31 of 3rd period - Dominik Simon wins face-off versus Cedric Paquette in River Frogs zone.
18:42 of 3rd period - Mirco Mueller is hit by Dillon Heatherington.
18:55 of 3rd period - Ludwig Bystrom is hit by Dillon Heatherington and loses puck.
19:02 of 3rd period - Knights, Elvis Merzlikins is pulled from the net.
19:12 of 3rd period - Snap shot by Iiro Pakarinen.
19:12 of 3rd period - Stopped by Thomas Greiss without a rebound.
19:13 of 3rd period - Adams Oates call a timeout for Knights.
19:13 of 3rd period - Noel Acciari wins face-off versus Andrew Gordon in River Frogs zone.
19:14 of 3rd period - Slapshot by Vince Hinostroza.
19:14 of 3rd period - Stopped by Thomas Greiss with a rebound.
19:16 of 3rd period - Wrist shot by Vince Hinostroza.
19:16 of 3rd period - Stopped by Thomas Greiss with a rebound.
19:18 of 3rd period - Snap shot by Alexandre Carrier.
19:18 of 3rd period - Stopped by Thomas Greiss without a rebound.
19:19 of 3rd period - Noel Acciari wins face-off versus Dominik Simon in River Frogs zone.
19:48 of 3rd period - Wrist shot by Emerson Etem.
19:48 of 3rd period - Deflect By Andrew Gordon.
19:48 of 3rd period - Shot Misses the Net.
19:48 of 3rd period - Puck is out of play.
19:49 of 3rd period - Elvis Merzlikins from Knights was sent back in the game.
19:49 of 3rd period - Dominik Simon wins face-off versus Noel Acciari in Knights zone.
Goals for this period are 1 for Knights vs 1 for River Frogs.
Shots for this period are 20 for Knights vs 10 for River Frogs.